 Dungeon Crawl Stone Soup version 0.29.1-12-g30fa7ad0bf (webtiles) character file.

Game seed: 10352782471436144708

2380 xzight the Blocker (level 9, 0/74 HPs)
             Began as a Gnoll Fighter on Dec 29, 2022.
             Killed from afar by a deep elf knight (14 damage)
             ... with a shard of ice
             ... on level 10 of the Dungeon.
             The game lasted 00:16:55 (9763 turns).

xzight the Blocker (Gnoll Fighter)                  Turns: 9763, Time: 00:16:56

Health: 0/74       AC: 14    Str: 15    XL:     9   Next: 45%
Magic:  15/15      EV:  8    Int: 12    God:
Gold:   399        SH:  6    Dex: 12    Spells: 16/16 levels left

rFire   . . .      SeeInvis .   G - +2 war axe (vorpal)
rCold   . . .      Faith    .   c - +0 buckler
rNeg    . . .      Spirit   .   v - +0 chain mail
rPois   .          Reflect  .   (no helmet)
rElec   .          Harm     .   F - +2 cloak
rCorr   .          Rampage  .   (no gloves)
Will    .....                   (no boots)
Stlth   ..........              A - amulet of the acrobat
HPRegen 0.22/turn               (no ring)
MPRegen 0.14/turn               (no ring)

@: mighty
A: fangs 1, strong nose, distributed training
a: no special abilities


You were on level 10 of the Dungeon.
You visited 2 branches of the dungeon, and saw 9 of its levels.

You collected 529 gold pieces.
You spent 130 gold pieces at shops.


Innate Abilities, Weirdness & Mutations

You have very sharp teeth.
Your uncanny sense of smell can sniff out nearby items.
Your experience applies equally to all skills.


   Skills:
 + Level 8.0 Fighting
 + Level 4.4 Short Blades
 + Level 4.4 Long Blades
 + Level 4.4 Axes
 + Level 4.4 Maces & Flails
 + Level 6.4 Polearms
 + Level 4.4 Staves
 + Level 4.4 Ranged Weapons
 + Level 4.4 Throwing
 + Level 8.0 Armour
 + Level 4.4 Dodging
 + Level 4.4 Stealth
 + Level 8.0 Shields
 + Level 4.4 Unarmed Combat
 + Level 4.4 Spellcasting
 + Level 3.6 Conjurations
 + Level 3.6 Hexes
 + Level 3.6 Summonings
 + Level 3.6 Necromancy
 + Level 3.6 Translocations
 + Level 3.6 Transmutations
 + Level 3.6 Fire Magic
 + Level 3.6 Ice Magic
 + Level 3.6 Air Magic
 + Level 3.6 Earth Magic
 + Level 3.6 Poison Magic
 + Level 4.9 Invocations
 + Level 4.4 Evocations


You had 16 spell levels left.
You didn't know any spells.
Your spell library contained the following spells:

 Spells                   Type           Power      Damage    Failure   Level
 Apportation              Tloc           22%        N/A       63%         1
 Slow                     Hex            44%        N/A       63%         1
 Ensorcelled Hibernation  Hex/Ice        22%        N/A       77%         2
 Scorch                   Fire           22%        2d6       77%         2
 Confusing Touch          Hex            11%        N/A       94%         3
 Ignite Poison            Fire/Tmut/Pois 11%        N/A       94%         3
 Mephitic Cloud           Conj/Pois/Air  11%        N/A       94%         3
 Spider Form              Tmut/Pois      11%        N/A       94%         3
 Vampiric Draining        Necr           11%        2d6       94%         3
 Anguish                  Hex/Necr       5%         N/A       100%        4
 Flame Wave               Conj/Fire      11%        2d6       100%        4
 Alistair's Intoxication  Tmut/Pois      7%         N/A       100%        5
 Freezing Cloud           Conj/Ice/Air   5%         6-21      100%        5
 Summon Cactus Giant      Summ           5%         N/A       100%        6

Inventory:

Hand Weapons
 a - a +0 trident
 G - a +2 vorpal war axe (weapon)
Missiles
 n - 13 atropa-tipped darts
 B - 4 poisoned darts (quivered)
 C - 2 throwing nets {=f}
Armour
 b - a +0 cloak
 c - a +0 buckler (worn)
 v - a +0 chain mail (worn)
 F - a +2 cloak (worn)
Jewellery
 x - the ring "Wewytozi" {rPois rF+ Will++ Slay-4 Stlth+}
   (You found it on level 4 of the Dungeon)

   [ring of poison resistance]

   Slay:      It affects your accuracy & damage with ranged weapons and melee
   (-4).
   rF:        It protects you from fire.
   rPois:     It protects you from poison.
   Will:      It greatly increases your willpower.
   Stlth:     It makes you more stealthy.
 y - the ring "Yriliecy" {rN+++ Int-5 Dex+6 SInv Stlth+}
   (You found it on level 4 of the Dungeon)

   [ring of see invisible]

   Int:       It affects your intelligence (-5).
   Dex:       It affects your dexterity (+6).
   rN:        It renders you almost immune to negative energy.
   SInv:      It lets you see invisible.
   Stlth:     It makes you more stealthy.
 A - an amulet of the acrobat (around neck)
Scrolls
 f - a scroll of enchant armour {unknown}
 g - 3 scrolls of identify {@r1}
 o - 2 scrolls of noise {unknown}
 q - 3 scrolls of poison
 r - 2 scrolls of immolation {unknown}
 s - 2 scrolls of magic mapping {unknown}
 t - a scroll of vulnerability {unknown}
 u - a scroll of fear
 w - 3 scrolls of enchant weapon {unknown}
 z - a scroll of summoning {unknown}
 D - 3 scrolls of teleportation {@r2}
 H - a scroll of torment {unknown}
 I - a scroll of butterflies {unknown}
Potions
 d - 4 potions of might
 e - 5 potions of curing {@q1}
 h - 2 potions of lignification
 i - 2 potions of haste {unknown}
 j - 5 potions of heal wounds {@q2}
 k - a potion of berserk rage {unknown}
 l - 2 potions of magic
 m - 3 potions of mutation {unknown}
 p - 2 potions of flight
 E - 2 potions of resistance {unknown}

Dungeon Overview and Level Annotations

Branches:
Dungeon (7/15)             Temple (1/1) D:4

Altars:
Ashenzari
Dithmenos
Elyvilon
Fedhas
Hepliaklqana
Kikubaaqudgha
Makhleb
Nemelex Xobeh
Okawaru
Qazlal
Ru
Sif Muna
Trog
Uskayaw
Vehumet
Wu Jian
Xom
Yredelemnul
Zin
The Shining One

Shops:
D:6

[[*[( ∆∆∆ ##'####
#.....# #.....# #.....#
#.....# #### ###+#####
#.....# ##...##.......#
#.....+ #.....#.......#
#.....#
#....e@..8....#####'###
#.....#........## #..#
##...##.........####'##
#### ###+#####.#......
#.. ###.)...... #...
#...#...... #..H
#####...... #...
#...... ##.. #......


You could see a deep elf knight (fast).


Message History

You miss the deep elf knight. Your bite misses the deep elf knight.
The deep elf knight is moderately wounded.
The deep elf knight casts a spell at you.
The lance of force misses you.
The deep elf knight points at you and mumbles some strange words.
The shard of ice misses you.
You feel very mighty all of a sudden. The deep elf knight hits you!
The deep elf knight hits you but does no damage.
You slash the deep elf knight! Your bite misses the deep elf knight.
The deep elf knight is heavily wounded.
The deep elf knight barely misses you. The deep elf knight closely misses you.
You closely miss the deep elf knight.
The deep elf knight is heavily wounded.
The deep elf knight hits you but does no damage.
The deep elf knight hits you!
You slash the deep elf knight!
The deep elf knight is almost dead.
The deep elf knight hits you!
* * * LOW HITPOINT WARNING * * *
You block the deep elf knight's attack.
You completely miss the deep elf knight.
You bite the deep elf knight.
The deep elf knight is almost dead.
The deep elf knight points at you and mumbles some strange words.
The shard of ice hits you!
* * * LOW HITPOINT WARNING * * *
The deep elf knight casts a spell at you.
The shard of ice hits you!
You die...

Skill      XL: |  1  2  3  4  5  6  7  8  9 |
---------------+----------------------------+-----
Invocations    | 1 2 3 4 |  4.9
Short Blades   | 1 2 3 4 |  4.4
Long Blades    | 1 2 3 4 |  4.4
Axes           | 1 2 3 4 |  4.4
Maces & Flails | 1 2 3 4 |  4.4
Staves         | 1 2 3 4 |  4.4
Ranged Weapons | 1 2 3 4 |  4.4
Throwing       | 1 2 3 4 |  4.4
Dodging        | 1 2 3 4 |  4.4
Stealth        | 1 2 3 4 |  4.4
Unarmed Combat | 1 2 3 4 |  4.4
Spellcasting   | 1 2 3 4 |  4.4
Evocations     | 1 2 3 4 |  4.4
Conjurations   | 1 2 3 |  3.6
Hexes          | 1 2 3 |  3.6
Summonings     | 1 2 3 |  3.6
Necromancy     | 1 2 3 |  3.6
Translocations | 1 2 3 |  3.6
Transmutations | 1 2 3 |  3.6
Fire Magic     | 1 2 3 |  3.6
Ice Magic      | 1 2 3 |  3.6
Air Magic      | 1 2 3 |  3.6
Earth Magic    | 1 2 3 |  3.6
Poison Magic   | 1 2 3 |  3.6
Polearms       | 5 6 |  6.4
Fighting       | 7 8 |  8.0
Armour         | 7 8 |  8.0
Shields        | 7 8 |  8.0

Action                   |  1- 3 |  4- 6 |  7- 9 || total
-------------------------+-------+-------+-------++-------
Melee: Trident           |   126 |   193 |   211 ||   530
       Bite              |    10 |    12 |    30 ||    52
       War axe           |       |       |   101 ||   101
Throw: Dart              |       |     4 |    15 ||    19
  Use: Scroll            |       |     5 |     2 ||     7
       Potion            |       |     1 |     6 ||     7
 Stab: Invisible         |       |     1 |     2 ||     3
Armor: Scale mail        |    47 |    19 |       ||    66
       Chain mail        |       |    58 |   178 ||   236
       Skin              |       |       |    29 ||    29
Dodge: Dodged            |    52 |    34 |   111 ||   197
Block: Buckler           |    26 |    28 |   104 ||   158

Levels and vault maps discovered:
D:1:      wander_arrival_lonely_grave, layout_loops_ring,
          shapermc_ecumenical_altar_gd, minmay_tetromino_l2
D:2:      layout_basic, grunt_ministairs_7
D:3:      layout_loops_ring, okawaru_trees_1, minmay_cut_off
D:4:      layout_basic, mainiacjoe_overflow_big_doors,
          minmay_temple_entry_mini_moons
D:5:      layout_basic, nicolae_ru_the_path_less_chosen
D:6:      layout_rooms, xom_teletrap_fun, serial_shops, nicolae_lakefront_shop,
          shop, nicolae_shop_advertising_works [nicolae_subvault_shop_adworks],
          nicolae_shop_crystal, shop_statue
D:7:      layout_basic, minmay_holes, dk_rats_in_the_wall, uniq_prince_ribbit1
D:10:     layout_roguey, erik_lair_orcish_takeover, serial_demonic,
          serial_demonic_d, serial_demonic_c, serial_demonic_f,
          serial_demonic_f, nicolae_wooded_promenade, minmay_three_doors
Temple:   regret_index_temple_waves

Notes
Turn   | Place    | Note
-------+----------+-------------------------------------------
     0 | D:1      | xzight the Gnoll Fighter began the quest for the Orb.
     0 | D:1      | Reached XP level 1. HP: 23/23 MP: 1/1
   103 | D:1      | Found a faded altar of an unknown god.
   114 | D:1      | Reached XP level 2. HP: 29/29 MP: 2/2
   406 | D:1      | Reached XP level 3. HP: 35/35 MP: 3/3
   881 | D:2      | Reached skill level 1 in Invocations
   922 | D:2      | Reached skill level 1 in Short Blades
   922 | D:2      | Reached skill level 1 in Long Blades
   922 | D:2      | Reached skill level 1 in Axes
   922 | D:2      | Reached skill level 1 in Maces & Flails
   922 | D:2      | Reached skill level 1 in Staves
   922 | D:2      | Reached skill level 1 in Ranged Weapons
   922 | D:2      | Reached skill level 1 in Throwing
   922 | D:2      | Reached skill level 1 in Dodging
   922 | D:2      | Reached skill level 1 in Stealth
   922 | D:2      | Reached skill level 1 in Unarmed Combat
   922 | D:2      | Reached skill level 1 in Spellcasting
   922 | D:2      | Reached skill level 1 in Evocations
  1064 | D:2      | Reached XP level 4. HP: 11/41 MP: 5/5
  1276 | D:2      | Identified the +1 robe of Subjectivity {rCorr}
  1360 | D:2      | Reached skill level 1 in Conjurations
  1360 | D:2      | Reached skill level 1 in Hexes
  1360 | D:2      | Reached skill level 1 in Summonings
  1360 | D:2      | Reached skill level 1 in Necromancy
  1360 | D:2      | Reached skill level 1 in Translocations
  1360 | D:2      | Reached skill level 1 in Transmutations
  1360 | D:2      | Reached skill level 1 in Fire Magic
  1360 | D:2      | Reached skill level 1 in Ice Magic
  1360 | D:2      | Reached skill level 1 in Air Magic
  1360 | D:2      | Reached skill level 1 in Earth Magic
  1360 | D:2      | Reached skill level 1 in Poison Magic
  2080 | D:3      | Reached XP level 5. HP: 42/47 MP: 7/7
  2521 | D:3      | Found an iron altar of Okawaru.
  2804 | D:4      | Found a staircase to the Ecumenical Temple.
  2816 | Temple   | Entered the Ecumenical Temple
  3128 | D:4      | Reached skill level 2 in Invocations
  3220 | D:4      | Reached skill level 2 in Short Blades
  3220 | D:4      | Reached skill level 2 in Long Blades
  3220 | D:4      | Reached skill level 2 in Axes
  3220 | D:4      | Reached skill level 2 in Maces & Flails
  3220 | D:4      | Reached skill level 5 in Polearms
  3220 | D:4      | Reached skill level 2 in Staves
  3220 | D:4      | Reached skill level 2 in Ranged Weapons
  3220 | D:4      | Reached skill level 2 in Throwing
  3220 | D:4      | Reached skill level 2 in Dodging
  3220 | D:4      | Reached skill level 2 in Stealth
  3220 | D:4      | Reached skill level 2 in Unarmed Combat
  3220 | D:4      | Reached skill level 2 in Spellcasting
  3220 | D:4      | Reached skill level 2 in Evocations
  3220 | D:4      | Reached XP level 6. HP: 35/53 MP: 7/9
  3697 | D:4      | Found a radiant altar of Vehumet.
  3730 | D:4      | Identified the ring "Wewytozi" {rPois rF+ Will++ Slay-4
                  | Stlth+}
  3738 | D:4      | Identified the ring "Yriliecy" {rN+++ Int-5 Dex+6 SInv
                  | Stlth+}
  4128 | D:4      | Found a shadowy altar of Dithmenos.
  4271 | D:5      | Entered Level 5 of the Dungeon
  4291 | D:5      | Noticed a water moccasin
  4308 | D:5      | Killed a water moccasin
  4309 | D:5      | Reached skill level 7 in Fighting
  4309 | D:5      | Reached skill level 7 in Armour
  4309 | D:5      | Reached skill level 7 in Shields
  4309 | D:5      | Reached skill level 2 in Conjurations
  4309 | D:5      | Reached skill level 2 in Hexes
  4309 | D:5      | Reached skill level 2 in Summonings
  4309 | D:5      | Reached skill level 2 in Necromancy
  4309 | D:5      | Reached skill level 2 in Translocations
  4309 | D:5      | Reached skill level 2 in Transmutations
  4309 | D:5      | Reached skill level 2 in Fire Magic
  4309 | D:5      | Reached skill level 2 in Ice Magic
  4309 | D:5      | Reached skill level 2 in Air Magic
  4309 | D:5      | Reached skill level 2 in Earth Magic
  4309 | D:5      | Reached skill level 2 in Poison Magic
  4309 | D:5      | Reached XP level 7. HP: 39/60 MP: 10/10
  5046 | D:5      | Found a sacrificial altar of Ru.
  5086 | D:5      | Reached skill level 3 in Invocations
  5855 | D:6      | Reached skill level 3 in Short Blades
  5855 | D:6      | Reached skill level 3 in Long Blades
  5855 | D:6      | Reached skill level 3 in Axes
  5855 | D:6      | Reached skill level 3 in Maces & Flails
  5855 | D:6      | Reached skill level 3 in Staves
  5855 | D:6      | Reached skill level 3 in Ranged Weapons
  5855 | D:6      | Reached skill level 3 in Throwing
  5855 | D:6      | Reached skill level 3 in Dodging
  5855 | D:6      | Reached skill level 3 in Stealth
  5855 | D:6      | Reached skill level 3 in Unarmed Combat
  5855 | D:6      | Reached skill level 3 in Spellcasting
  5855 | D:6      | Reached skill level 3 in Evocations
  5855 | D:6      | Reached XP level 8. HP: 64/67 MP: 12/12
  6021 | D:6      | HP: 6/67 [steam dragon] (8)]
  6302 | D:6      | Found Heuhaa's General Store.
  6324 | D:6      | Found Yhoteha's Armour Emporium.
  6325 | D:6      | Bought a potion of heal wounds for 50 gold pieces
  6325 | D:6      | Bought a potion of heal wounds for 50 gold pieces
  6325 | D:6      | Bought a scroll of teleportation for 30 gold pieces
  6409 | D:6      | Found a shimmering altar of Xom.
  6536 | D:6      | Found Xuegutz's Antique Armour Shoppe.
  6564 | D:6      | Found Deny's Antique Armour Shop.
  6724 | D:6      | Found Hireronimm's Antique Weapon Shop.
  7482 | D:6      | Reached skill level 4 in Invocations
  7832 | D:7      | Noticed Prince Ribbit
  7845 | D:6      | Reached skill level 3 in Conjurations
  7845 | D:6      | Reached skill level 3 in Hexes
  7845 | D:6      | Reached skill level 3 in Summonings
  7845 | D:6      | Reached skill level 3 in Necromancy
  7845 | D:6      | Reached skill level 3 in Translocations
  7845 | D:6      | Reached skill level 3 in Transmutations
  7845 | D:6      | Reached skill level 3 in Fire Magic
  7845 | D:6      | Reached skill level 3 in Ice Magic
  7845 | D:6      | Reached skill level 3 in Air Magic
  7845 | D:6      | Reached skill level 3 in Earth Magic
  7845 | D:6      | Reached skill level 3 in Poison Magic
  7979 | D:6      | Reached skill level 6 in Polearms
  8366 | D:7      | Killed Prince Ribbit
  8367 | D:7      | Reached skill level 4 in Short Blades
  8367 | D:7      | Reached skill level 4 in Long Blades
  8367 | D:7      | Reached skill level 4 in Axes
  8367 | D:7      | Reached skill level 4 in Maces & Flails
  8367 | D:7      | Reached skill level 4 in Staves
  8367 | D:7      | Reached skill level 4 in Ranged Weapons
  8367 | D:7      | Reached skill level 4 in Throwing
  8367 | D:7      | Reached skill level 4 in Dodging
  8367 | D:7      | Reached skill level 4 in Stealth
  8367 | D:7      | Reached skill level 4 in Unarmed Combat
  8367 | D:7      | Reached skill level 4 in Spellcasting
  8367 | D:7      | Reached skill level 4 in Evocations
  8367 | D:7      | Reached XP level 9. HP: 45/73 MP: 13/15
  8669 | D:7      | Noticed a hornet
  8690 | D:7      | HP: 11/111 [hornet (4)]
  8698 | D:7      | HP: 10/111 [poisoned by a hornet]
  8699 | D:7      | HP: 1/111 [hornet (6)]
  8701 | D:7      | Killed a hornet
  9118 | D:7      | You fall into a shaft and drop 3 floors!
  9118 | D:10     | Entered Level 10 of the Dungeon
  9535 | D:10     | Reached skill level 8 in Fighting
  9535 | D:10     | Reached skill level 8 in Armour
  9535 | D:10     | Reached skill level 8 in Shields
  9737 | D:10     | Noticed a manticore
  9748 | D:10     | Noticed a deep elf knight
  9763 | D:10     | Killed from afar by a deep elf knight

Vanquished Creatures
  Prince Ribbit (D:7)
  A hornet (D:7)
  2 steam dragons
  A warg (D:10)
  An acid dragon (D:10)
  2 water moccasins
  A black bear (D:6)
  A sky beast (D:7)
  An ogre (D:5)
  4 scorpions
  A necrophage (D:5)
  4 killer bees (D:6)
  A howler monkey (D:7)
  An orc priest (D:6)
  A hound (D:6)
  2 jellies
  3 iguanas
  4 orc wizards
  10 adders
  A shadow imp (D:7)
  An ufetubus (D:6)
  3 worms (D:3)
  3 dart slugs
  20 orcs
  12 ball pythons
  7 endoplasms
  A giant cockroach (D:2)
  6 hobgoblins
  6 jackals
  4 quokkas
  5 bats
  7 frilled lizards
  6 goblins
  8 kobolds
  8 rats
140 creatures vanquished.

Vanquished Creatures (others)
  An orc (D:6)
  4 demonic plants (D:1)
  A plant (D:10)
  3 withered plants (D:1)
9 creatures vanquished.

Grand Total: 149 creatures vanquished

Table legend: (Time is in decaauts)
 A = Elapsed time spent in this place.
 B = Non-inter-level travel time spent in this place.
 C = Inter-level travel time spent in this place.
 D = Time resting spent in this place.
 E = Time spent auto-exploring this place.
 F = Levels seen in this place.
 G = Mean time per level.
                   A        B        C        D        E       F      G
               +--------+--------+--------+--------+--------+-----+--------+
         Total |   9863 |   8974 |    889 |   3219 |   4199 |   9 | 1095.9 |
       Dungeon |   9731 |   8860 |    871 |   3219 |   4096 |   8 | 1216.4 |
        Temple |    132 |    115 |     17 |      0 |    103 |   1 |  132.0 |
               +--------+--------+--------+--------+--------+-----+--------+

Top non-repeatable levels by time:
     D:6: 2179 daAuts
     D:5: 1558 daAuts
     D:4: 1493 daAuts
     D:3: 1125 daAuts
     D:2: 1066 daAuts
     D:1: 878 daAuts
     D:7: 770 daAuts
    D:10: 657 daAuts
  Temple: 132 daAuts

Table legend:
 A = Non-vault XP
 B = Vault XP
 C = Vault XP percentage of total XP
 D = Non-vault monster count
 E = Vault monster count
 F = Vault count percentage of total count
                 A         B        C        D         E       F
            +---------+---------+-------+---------+---------+-------
      Total |    2891 |     510 |  15.0 |     129 |      12 |   8.5
            +---------+---------+-------+---------+---------+-------
        D:1 |      42 |       2 |   4.5 |      26 |       2 |   7.1
        D:2 |     102 |       3 |   2.9 |      25 |       2 |   7.4
        D:3 |      57 |      10 |  14.9 |      20 |       4 |  16.7
        D:4 |     354 |       0 |   0.0 |      19 |       0 |   0.0
        D:5 |     529 |       0 |   0.0 |      14 |       0 |   0.0
        D:6 |    1002 |       0 |   0.0 |      19 |       0 |   0.0
        D:7 |     648 |     291 |  31.0 |       5 |       1 |  16.7
       D:10 |     157 |     204 |  56.5 |       1 |       3 |  75.0
            +---------+---------+-------+---------+---------+-------
